 Dungeon Crawl Stone Soup version 0.28-a0-851-g8b9cc49659 (webtiles) character file.

Game seed: 17592047343699592109

57 Crownlay the Chucker (level 3, 0/33 HPs)
             Began as a Troll Hunter on Nov 14, 2021.
             Succumbed to an adder's poison
             ... on level 2 of the Dungeon.
             The game lasted 00:02:04 (1143 turns).

Crownlay the Chucker (Troll Hunter)                 Turns: 1143, Time: 00:02:04

Health: 0/33       AC:  4    Str: 21    XL:     3   Next: 73%
Magic:  2/2        EV:  9    Int:  7    God:
Gold:   42         SH:  0    Dex: 10    Spells: 2/2 levels left

rFire   . . .      SeeInvis .   (no weapon)
rCold   . . .      Faith    .   (no shield)
rNeg    . . .      Spirit   .   b - +0 robe
rPois   .          Reflect  .   (helmet restricted)
rElec   .          Harm     .   (no cloak)
rCorr   .          Rampage  .   (gloves unavailable)
Will    .....                   (boots unavailable)
Stlth   +.........              (no amulet)
HPRegen 1.11/turn               (no ring)
MPRegen 0.08/turn               (no ring)

@: lethally poisoned (0 -> -2), attractive
A: large, unfitting armour, claws 3, regeneration 1, shaggy fur 1, tough skin 1
a: no special abilities


You were on level 2 of the Dungeon.
You visited 1 branch of the dungeon, and saw 2 of its levels.

You collected 42 gold pieces.

Inventory:

Missiles
 c - 10 large rocks (quivered)
 d - 2 throwing nets
Armour
 b - a +0 robe (worn)
Jewellery
 g - a ring of willpower
Scrolls
 e - a scroll of amnesia {unknown}
 f - a scroll of immolation {unknown}
 h - a scroll of brand weapon {unknown}
 i - a scroll of enchant weapon {unknown}
 l - a scroll of fear {unknown}
 m - a scroll of torment {unknown}
Potions
 a - a potion of heal wounds {unknown}
 j - a potion of invisibility {unknown}
 k - a potion of attraction


   Skills:
 - Level 1.5 Fighting
 * Level 4.8 Throwing
 - Level 1.5 Dodging
 - Level 0.3 Stealth
 + Level 0.9 Unarmed Combat


You had 2 spell levels left.
You didn't know any spells.
Your spell library was empty.

Dungeon Overview and Level Annotations

Branches:
Dungeon (2/15)

Altars:


Innate Abilities, Weirdness & Mutations

You are too large for most types of armour.
You have claws for hands.
Your natural rate of healing is unusually fast.
You are covered in fur. (AC +1)
You have tough skin. (AC +1)


Message History

You feel sick. The bat hits you.
* * * LOW HITPOINT WARNING * * *
You feel sick. The bat barely misses you. The bat hits you.
* * * LOW HITPOINT WARNING * * *
You feel sick. The bat barely misses you.
You feel sick. The bat hits you but does no damage.
You scratch the bat.
The bat is severely wounded.
You feel sick. The bat hits you but does no damage. x2
You scratch the bat.
You kill the bat!
You feel sick.
You are no longer poisoned.
You completely miss the adder.
The adder is heavily wounded.
The adder bites you.
* * * LOW HITPOINT WARNING * * *
You are poisoned.
The adder poisons you! The adder misses you.
Attack: -) Claws
Press: ? - help, Dir - move target, f - adder
Aim: an adder (heavily wounded, about 62% to evade your claws)
Okay, then.
Throw: 11 large rocks
Press: ? - help, Q - select action, (/) - cycle Shift-Dir - straight line, f - adder
Aim: an adder (heavily wounded, 38% to hit)
You throw a large rock. The large rock hits the adder.
The adder is almost dead.
You feel sick. The adder bites you.
* * * LOW HITPOINT WARNING * * *
The adder bites you but does no damage.
You miss the adder.
The adder is almost dead.
You feel sick. The adder bites you.
* * * LOW HITPOINT WARNING * * *
You are more poisoned.
The adder poisons you!
It was a potion of attraction.
You feel attractive to monsters.
You die...

#.# #.# #.# . > #.#
#.# # ##.## #.#
##...## #.#
.####.....# #.#
.........#### #.#
#####......######.#
##.###........# #@#
########## #S#
######## #S#
.......# ##.#######
.......# #.........
.#####.#
#####..######. .#
####...#..#### .#
..............###.
†#
.####...#.........


You could see an adder and a ball python.

Vanquished Creatures
  2 adders (D:2)
  A worm (D:2)
  2 endoplasms (D:2)
  13 giant cockroaches (D:2)
  A goblin (D:2)
  2 hobgoblins (D:1)
  A quokka (D:1)
  2 ball pythons
  3 bats
  3 frilled lizards (D:1)
  2 kobolds
  A rat (D:2)
33 creatures vanquished.

Notes
Turn   | Place    | Note
-------+----------+-------------------------------------------
     0 | D:1      | Crownlay the Troll Hunter began the quest for the Orb.
     0 | D:1      | Reached XP level 1. HP: 19/19 MP: 0/0
   107 | D:1      | Found a faded altar of an unknown god.
   343 | D:1      | Reached XP level 2. HP: 27/27 MP: 1/1
   678 | D:2      | Reached skill level 4 in Throwing
   735 | D:2      | Reached XP level 3. HP: 33/33 MP: 2/2
  1142 | D:2      | HP: 1/33 [adder (1)]
  1143 | D:2      | Succumbed to an adder's poison

Illustrated notes

Levels and vault maps discovered:
D:1:      pf_arrival_petrified_forest, layout_loops_ring,
          shapermc_ecumenical_altar_pompeii, chequers_serial_rivers_micro_c,
          minmay_misc_feat_square
D:2:      minmay_roachtagon, layout_loops_corners

Skill      XL: |  1  2 |
---------------+-------+-----
Throwing       | 4 |  4.8
Fighting       | |  1.5
Dodging        | |  1.5
Stealth        | |  0.3
Unarmed Combat | |  0.9

Action                   || total
-------------------------++-------
Melee: Unarmed           ||   130
Throw: Large rock        ||     1
  Use: Potion            ||     1
 Stab: Sleeping          ||     3
Armor: Robe              ||    81
Dodge: Dodged            ||    75

Table legend: (Time is in decaauts)
 A = Elapsed time spent in this place.
 B = Non-inter-level travel time spent in this place.
 C = Inter-level travel time spent in this place.
 D = Time resting spent in this place.
 E = Time spent auto-exploring this place.
 F = Levels seen in this place.
 G = Mean time per level.
                   A        B        C        D        E       F      G
               +--------+--------+--------+--------+--------+-----+--------+
         Total |   1142 |   1104 |     38 |      0 |    849 |   2 |  571.0 |
       Dungeon |   1142 |   1104 |     38 |      0 |    849 |   2 |  571.0 |
               +--------+--------+--------+--------+--------+-----+--------+

Top non-repeatable levels by time:
     D:1: 588 daAuts
     D:2: 553 daAuts
